Cogmind - Beta 11.1 @@@ ROGUE MODE // 2022.05.19 @ 02:39:48 Player: Bish Result: Destroyed by H-77 Assassin with Coil Gun Performance ------------- Evolutions (6) 3000 Regions Visited (22) 4400 Robots Destroyed (324) 1620 Value Destroyed (12785) 12785 Prototype IDs (21) 420 Alien Tech Used (0) 0 Bonus (5837) 5837 TOTAL SCORE: 28062 Bonus ------- High Alert Combat Kills 1632 Follower Combat Kills 836 Entered Garrisons 1000 Used RIF Installer 2500 Met Data Miner 300 Friendly Fire -431 Cogmind --------- Core Integrity 0/1150 Matter 240/300 Energy 98/100 System Corruption 3% Temperature Cool (21) Movement Core (50) Location -4/Factory Parts ------- > --- POWER (2) -------- (None) > --- PROPULSION (4) --- (None) > --- UTILITY (10) ----- Core Analyzer Graphene Brace > --- WEAPON (3) ------- (None) > --- INVENTORY (5) ---- Centrium Wheel Relay Coupler [NC] (30) Relay Coupler [Heavy] (15) Mass Driver Mass Driver Peak State ------------ > --- POWER ------------ Light Antimatter Reactor Light Antimatter Reactor > --- PROPULSION ------- Heavy Treads Heavy Treads > --- UTILITY ---------- Advanced Heat Sink Improved Coolant Injector Huge Storage Unit Experimental Sensor Array Advanced Targeting Computer Advanced Transmission Jammer Relay Coupler [NC] Relay Coupler [Swarmer] Relay Coupler [Duelist] Relay Coupler [Sentry] > --- WEAPON ----------- Heavy Plasma Cannon Coil Gun KE Penetrator > --- INVENTORY -------- Heavy Treads Heavy Treads Heavy Treads Advanced Medium Treads Centrium Wheel Matter Compressor Advanced Terrain Scanner Improved Target Analyzer Hacking Suite Advanced System Shield Relay Coupler [NC] Relay Coupler [NC] Relay Coupler [NC] Relay Coupler [NC] Relay Coupler [Brawler] Relay Coupler [Brawler] Relay Coupler [Brawler] Relay Coupler [Heavy] Drone Bay Mass Driver Heavy Missile Launcher Remote Datajack [Rating: 107] Favorites ----------- Power Reinforced Deuterium Engine Engine Reinforced Deuterium Engine Power Core Neutrino Core Reactor Antimatter Reactor Propulsion Armored Treads Treads Armored Treads Leg Aluminum Leg Wheel Armored Huge Wheel Hover Unit Combat Airjet Utility Huge Storage Unit Device Experimental Sensor Array Storage Huge Storage Unit Processor Core Analyzer Hackware Relay Coupler [Grunt] Protection Hardened Medium Armor Plating Weapon Enhanced Autogun Energy Gun Improved Spread Laser Energy Cannon Cooled Particle Cannon Ballistic Gun Enhanced Autogun Ballistic Cannon Hypervelocity Gauss Cannon Launcher EMP Blaster Special Weapon Remote Datajack Impact Weapon Mace Slashing Weapon Makeshift Sword Special Melee Weapon Advanced Datajack Build | -11 -10 -10 -9 -9 -9 -8 -8 -8 -8 -8 -7 -7 -7 -7 -6 -6 -6 -6 -6 -5 -5 -4 ------- Run | Scr Mat Min Mat Min Exi Min Mat Gar Mat Gar Fac Low Low Dat Pro Fac Gar Fac Gar Fac Gar Fac Slots Evolved 12 | . . . 2 . . . 2 . . . 2 . . . . 2 . . . 2 . 2 Power 1 | . . . . . . . . . . . . . . . . . . . . . . 1 Propulsion 2 | . . . 1 . . . . . . . . . . . . 1 . . . . . . Utility 8 | . . . 1 . . . 1 . . . 2 . . . . 1 . . . 2 . 1 Weapon 1 | . . . . . . . 1 . . . . . . . . . . . . . . . Parts Attached 325 | 3 10 8 21 15 . 15 26 2 10 5 6 13 2 . 15 32 19 9 8 19 32 55 Power 36 | . 2 1 1 2 . 3 3 . 2 . . 4 . . 2 5 3 . . 1 . 7 Engine 15 | . 2 1 1 2 . 3 1 . 1 . . 1 . . 1 . 1 . . 1 . . Core 10 | . . . . . . . 2 . 1 . . 3 . . . 1 1 . . . . 2 Reactor 11 | . . . . . . . . . . . . . . . 1 4 1 . . . . 5 Propulsion 58 | 2 1 5 7 4 . 8 5 . . . . 2 . . 1 4 3 1 1 3 2 9 Treads 39 | 2 . 1 5 2 . 5 3 . . . . 2 . . . 3 3 . 1 3 2 7 Leg 4 | . . 3 1 . . . . . . . . . . . . . . . . . . . Wheel 13 | . 1 1 1 2 . 1 2 . . . . . . . 1 1 . 1 . . . 2 Hover 2 | . . . . . . 2 . . . . . . . . . . . . . . . . Flight . | . . . . . . . . . . . . . . . . . . . . . . . Utility 115 | 1 3 1 3 4 . 1 10 . 3 3 4 1 2 . 7 11 6 7 5 10 12 21 Device 56 | 1 1 1 1 1 . 1 5 . 3 2 1 1 1 . 3 5 2 3 1 6 8 9 Storage 4 | . 2 . . . . . . . . . 1 . . . . . . 1 . . . . Processor 9 | . . . . 1 . . 1 . . . 1 . . . 1 . . 1 . 1 . 3 Hackware 27 | . . . . . . . . . . 1 . . . . . 4 2 2 3 3 3 9 Protection 19 | . . . 2 2 . . 4 . . . 1 . 1 . 3 2 2 . 1 . 1 . Artifact . | . . . . . . . . . . . . . . . . . . . . . . . Weapon 116 | . 4 1 10 5 . 3 8 2 5 2 2 6 . . 5 12 7 1 2 5 18 18 Energy Gun 13 | . 2 . 4 1 . . . . 1 . 1 2 . . 1 . 1 . . . . . Energy Cannon 28 | . 1 1 3 2 . 2 . . . . . . . . . 4 4 . 1 . 8 2 Ballistic Gun 33 | . 1 . 1 . . . 6 1 4 1 1 2 . . 3 5 . . . . . 8 Ballistic Cannon 13 | . . . . . . . . . . . . . . . . . . . . 4 6 3 Launcher 8 | . . . 2 1 . 1 2 . . . . 1 . . . . 1 . . . . . Special Weapon 16 | . . . . . . . . . . 1 . 1 . . 1 2 1 1 1 1 4 3 Impact Weapon 2 | . . . . 1 . . . 1 . . . . . . . . . . . . . . Slashing Weapon 1 | . . . . . . . . . . . . . . . . 1 . . . . . . Piercing Weapon . | . . . . . . . . . . . . . . . . . . . . . . . Special Melee Weapon 2 | . . . . . . . . . . . . . . . . . . . . . . 2 Unidentified Prototypes 6 | . . . 1 . . . 1 . 2 . 1 . . . . 1 . . . . . . Corrupted Parts 3 | . . . . . . 3 . . . . . . . . . . . . . . . . System Corruption 9 | . . . . . . 9 . . . . . . . . . . . . . . . . Parts Lost 77 | . 3 3 . 8 . 2 5 . . . 1 . . . 6 1 9 . 1 . 5 33 Power 14 | . 1 . . 2 . 1 1 . . . . . . . 1 . 3 . . . . 5 Propulsion 18 | . 1 3 . 3 . 1 . . . . . . . . 1 1 1 . . . . 7 Utility 26 | . . . . 2 . . 4 . . . 1 . . . 1 . 2 . 1 . 4 11 Weapon 19 | . 1 . . 1 . . . . . . . . . . 3 . 3 . . . 1 10 Highest Loss Streak 17 | . 1 2 . 4 . 1 2 . . . 1 . . . 3 1 5 . 1 . 2 17 To Critical Strikes . | . . . . . . . . . . . . . . . . . . . . . . . Average Slot Usage (%) 93 | . 99 100 99 99 100 99 95 90 89 90 92 91 92 92 91 92 92 93 92 93 93 78 Engine 6 | . 14 14 11 11 11 11 5 . 3 9 7 4 . . 5 . 1 6 6 5 5 1 Core 1 | . . . . . . . 3 9 5 . . 2 7 7 . . 1 . . . . . Reactor 1 | . . . . . . . . . . . . . . . 1 6 2 . . . . 4 Treads 12 | . 21 4 11 21 22 21 12 9 9 9 7 7 7 7 7 12 13 13 13 16 17 10 Leg 1 | . . 9 10 . . . . . . . . . . . . . . . . . . . Wheel 7 | . 6 13 11 11 11 11 11 9 9 9 7 7 7 7 7 6 6 6 6 . . . Device 10 | . 14 14 11 7 11 11 10 9 15 17 21 15 14 15 11 4 3 3 1 4 11 13 Storage 8 | . 14 14 11 11 11 11 9 9 9 9 7 7 7 7 7 6 6 6 6 5 5 4 Processor 10 | . . . . 5 11 11 5 9 9 9 15 15 15 15 16 20 20 20 20 17 6 6 Hackware 5 | . . . . . . . . . . . . . . . . 13 11 15 16 23 23 21 Protection 3 | . . . 10 8 . . 10 9 2 . . 7 7 7 8 1 3 . 1 . 2 . Energy Gun 3 | . 4 7 5 7 . . . . . . . 7 15 15 13 . 1 3 . . . . Energy Cannon 7 | . 8 20 15 9 22 21 2 . . . . . . . . 11 17 13 14 4 3 2 Ballistic Gun 8 | . 14 . . . . . 24 25 26 26 22 14 7 7 8 7 . . . . . 3 Ballistic Cannon 1 | . . . . . . . . . . . . . . . . . . . . 6 11 4 Naked Turns 10 | . . . . . . . . . . . . . . . . . . . . . . 10 Heaviest Build 150 | 11 91 99 104 103 94 105 110 105 105 103 109 116 116 116 113 118 138 118 142 119 150 133 Greatest Support 140 | 40 40 16 16 16 16 16 40 28 28 28 28 28 28 28 28 40 60 28 60 122 130 140 Greatest Overweight (x) 10 | . 5 6 6 9 5 10 10 3 5 3 5 4 4 4 4 4 4 4 4 1 1 3 Average Overweight (x) 3 | . 2 5 6 5 5 6 5 3 3 3 3 3 4 4 3 3 3 4 2 . . . Largest Inventory Capacity 25 | 8 25 25 25 25 25 25 25 25 25 25 25 25 25 25 25 25 25 25 25 25 25 25 Average Capacity 24 | 8 18 25 25 25 25 25 25 25 25 25 25 25 25 25 25 25 25 25 25 25 25 23 Most Carried 25 | 6 24 25 25 25 25 25 25 25 25 25 25 25 25 25 25 25 25 25 25 25 25 25 Average Carried 23 | 6 13 24 24 24 24 24 24 24 24 24 24 24 24 25 23 24 24 24 24 24 24 22 Final Capacity 25 | 8 25 25 25 25 25 25 25 25 25 25 25 25 25 25 25 25 25 25 25 25 25 5 Final Carried 25 | 6 24 25 25 25 25 25 25 25 25 25 25 25 25 25 22 25 25 25 25 25 25 5 Class Distribution -------------------- 22% | Mutant 16% | Bothacker-Skirmisher 11% | Botlord-Mutant 9% | Scavenger-Mutant 6% | Hacker-Gunner 6% | Bothacker-Gunner 6% | Gunner 4% | Botlord-Gunner 3% | Tank 3% | Scavenger-Tank Dominant Class ---------------- Mutant | -10/Materials Mutant | -10/Mines Mutant | -9/Materials Mutant | -9/Mines Scavenger-Mutant | -9/Exiles Scavenger-Mutant | -8/Mines Scavenger-Tank | -8/Materials Tank | -8/Garrison Gunner | -8/Materials Gunner | -8/Garrison Bothacker-Skirmisher | -7/Factory Bothacker-Skirmisher | -7/Lower Caves Bothacker-Skirmisher | -7/Lower Caves Bothacker-Skirmisher | -7/Data Miner Bothacker-Tank | -6/Proximity Caves Hacker-Gunner | -6/Factory Bothacker-Gunner | -6/Garrison Bothacker-Mutant | -6/Factory Botlord-Mutant | -6/Garrison Botlord-Mutant | -5/Factory Botlord-Gunner | -5/Garrison Botlord-Mutant | -4/Factory Resources | -11 -10 -10 -9 -9 -9 -8 -8 -8 -8 -8 -7 -7 -7 -7 -6 -6 -6 -6 -6 -5 -5 -4 ----------- Run | Scr Mat Min Mat Min Exi Min Mat Gar Mat Gar Fac Low Low Dat Pro Fac Gar Fac Gar Fac Gar Fac Matter Collected 9291 | 210 338 348 424 186 . 135 1203 60 313 707 432 318 63 . 236 805 205 66 214 462 1143 1423 Remotely 1534 | . . . . . . . 80 . . . . . . . . . . . . 405 441 608 Salvage Created 12861 | 28 781 289 728 498 . 467 1699 105 617 800 554 136 130 . 336 2025 1182 . 288 359 516 1323 Parts 696 | 4 43 25 55 20 . 28 103 6 51 67 38 10 6 . 7 95 35 . 12 16 21 54 Haulers Intercepted 17 | . 2 . 3 . . . 5 . 3 . 1 . . . . 3 . . . . . . Recyclers Shooed 11 | . 1 . . . . . 3 . . . 1 . . . . 3 . . . 1 . 2 Parts Field Recycled . | . . . . . . . . . . . . . . . . . . . . . . . Retrieved Matter . | . . . . . . . . . . . . . . . . . . . . . . . Parts Self-Destructed 39 | . . . . . . . . . . . . 9 5 . 25 . . . . . . . Prevented 3 | . . . . . . . . . . . . 2 . . 1 . . . . . . . Kills | -11 -10 -10 -9 -9 -9 -8 -8 -8 -8 -8 -7 -7 -7 -7 -6 -6 -6 -6 -6 -5 -5 -4 ------- Run | Scr Mat Min Mat Min Exi Min Mat Gar Mat Gar Fac Low Low Dat Pro Fac Gar Fac Gar Fac Gar Fac Combat Hostiles Destroyed 256 | . 19 12 14 18 . 13 27 2 13 24 8 7 3 . 7 20 22 . 7 7 16 17 Guns 123 | . 12 6 2 6 . . 22 1 13 24 8 4 3 . 7 9 2 . . . . 4 Cannons 94 | . 7 5 5 2 . 9 2 . . . . . . . . 11 19 . 6 5 15 8 AOE 32 | . . . 7 10 . 2 3 . . . . 3 . . . . 1 . . 2 . 4 Classes Destroyed 21 | 1 7 1 2 2 . 1 1 . 1 2 . 2 . . . 1 . . . . . . Worker 17 | . . . 3 2 . 1 1 . . . 4 . . . . 5 . . . . . 1 Builder 12 | . 2 . . 1 . . 3 . . . . . . . . 4 . . . . . 2 Tunneler 6 | 1 . 2 . 2 . 1 . . . . . . . . . . . . . . . . Hauler 17 | . 2 . 3 . . . 5 . 3 . 1 . . . . 3 . . . . . . Recycler 10 | . 1 . . . . . 3 . . . . . . . . 3 . . . 1 . 2 Mechanic 2 | . . . . 1 . . . . . . . . . . . . . . . . . 1 Operator 5 | . 1 . 2 . . . . 1 . . 1 . . . . . . . . . . . Watcher 13 | . 1 . 1 . . . 4 . . . 4 . . . . 2 . . . . . 1 Swarmer 88 | . 9 9 7 3 . 7 7 . 5 10 3 5 . . . 4 6 . 3 4 6 . Cutter 2 | . . . . . . . . . . 2 . . . . . . . . . . . . Grunt 83 | . 10 2 2 . . 4 12 . 4 6 4 . 3 . 2 10 8 . 1 2 5 8 Brawler 5 | . . . . . . 2 1 . . . . . . . . . 2 . . . . . Duelist 7 | . . . . . . . 1 . . . . . . . 1 1 3 . . . . 1 Protector 1 | . . . . . . . . . . 1 . . . . . . . . . . . . Sentry 30 | . . . 5 . . . 6 2 3 4 . . . . 2 2 2 . 1 . 2 1 Demolisher 3 | . . . . 2 . . . . . 1 . . . . . . . . . . . . Hunter 12 | . . . . . . . . . . . . 1 . . 2 1 . . 1 1 2 4 Programmer 7 | . . . . . . . . . 1 . 1 . . . . 1 . . 1 . . 3 Behemoth 3 | . . . . . . . . . . . . . . . . 1 1 . . . 1 . Thief 1 | . . . . . . . . . . . . 1 . . . . . . . . . . Assembled 14 | . . 1 . 13 . . . . . . . . . . . . . . . . . . Best Kill Streak 16 | 1 4 3 5 11 . 6 9 1 6 11 8 3 3 . 2 16 8 . 2 4 3 6 Combat Bots Only 11 | . 3 3 5 11 . 5 4 1 5 11 7 3 3 . 2 4 8 . 2 4 3 2 Max Kills in Single Turn 4 | 1 2 2 2 4 . 1 3 1 1 3 3 2 1 . 1 2 1 . 1 2 1 1 Gunslinging 1 | . . . . . . . 1 . . 1 . . . . . . . . . . . . Exploded 4 | . . . 2 4 . 1 1 . . . . 2 . . . . 1 . . 2 . 1 Melee . | . . . . . . . . . . . . . . . . . . . . . . . Uniques/NPCs Destroyed . | . . . . . . . . . . . . . . . . . . . . . . . Combat | -11 -10 -10 -9 -9 -9 -8 -8 -8 -8 -8 -7 -7 -7 -7 -6 -6 -6 -6 -6 -5 -5 -4 -------- Run | Scr Mat Min Mat Min Exi Min Mat Gar Mat Gar Fac Low Low Dat Pro Fac Gar Fac Gar Fac Gar Fac Damage Taken 18166 | . 706 325 519 980 . 307 1365 270 330 378 311 269 62 . 1144 911 2056 37 496 356 1645 5699 Core 2589 | . 189 46 136 67 . 11 68 14 24 57 14 12 . . 232 177 258 . 24 . 97 1163 Absorbed by Shields 845 | . . . . . . 72 116 48 132 144 44 . . . . . . . . . 289 . Redirected to Shielding 126 | . . . . 102 . . . . . . . . . . 13 11 . . . . . . Regen/Repaired (Parts) 822 | . . . . . . . 11 . . . . . . . . 491 . 261 . 59 . . Core Remaining (%) 60 | 100 . 6 . . . 46 . . . 70 . . . . 63 . . . 46 . 90 . Volleys Fired 850 | 4 96 42 48 31 . 26 81 4 35 44 34 20 3 . 23 80 54 7 37 35 75 71 Largest 3 | 2 2 2 2 2 . 2 3 3 3 3 3 3 3 . 3 3 3 2 3 2 3 3 Hottest 241 | 40 110 123 150 150 . 143 166 69 75 75 128 175 175 . 188 90 189 120 185 122 241 212 Shots Fired 1929 | 8 189 72 87 49 . 38 237 13 94 122 99 46 9 . 70 202 146 8 62 52 176 150 Gun 1037 | 8 130 23 8 24 . . 217 13 94 120 99 40 9 . 70 114 9 . . . . 59 Cannon 792 | . 59 49 73 16 . 36 15 . . . . . . . . 85 133 2 45 35 164 80 Launcher 25 | . . . 6 9 . 2 5 . . . . 2 . . . . 1 . . . . . Special 75 | . . . . . . . . . . 2 . 4 . . . 3 3 6 17 17 12 11 Kinetic 1077 | 8 90 . 2 . . . 217 13 94 120 97 27 3 . 26 114 . . . 34 128 104 Thermal 731 | . 99 57 73 40 . 36 15 . . . 2 13 6 . 44 85 142 2 45 1 36 35 Explosive 7 | . . . . . . 2 2 . . . . 2 . . . . 1 . . . . . Electromagnetic 39 | . . 15 12 9 . . 3 . . . . . . . . . . . . . . . Robot Hit Streak 19 | 7 8 9 14 15 . 3 15 14 7 9 5 8 9 . 19 9 14 9 16 5 15 12 Robot Miss Streak 15 | . 4 6 3 2 . 3 6 1 5 4 6 7 3 . 5 5 4 . 2 2 15 4 Penetration Max 1 | . . . . . . . . . . . . . . . . 1 . . . 1 1 1 Secondary Targets 20 | . . . . . . . 4 . 3 6 1 . . . 2 1 . . . . . 3 Max Gunslinging Chain 1 | . . . . . . . 1 . 1 1 1 . . . 1 1 . . . . . 1 Shots Hit Robots 1168 | 7 104 34 51 41 . 21 151 13 47 67 48 27 9 . 57 108 94 8 50 31 103 97 Core Hits 603 | 2 42 13 26 32 . 16 73 3 24 37 29 18 17 . 71 71 40 . 12 12 31 34 Critical Kills 30 | . . 1 . . . 2 1 . . . . 1 . . . 3 . . . 4 10 8 Critical Parts Destroyed 35 | . . . . . . . 1 1 . . . . . . . 3 . . . 4 17 9 Critical Strikes 73 | . . 5 . . . 2 2 1 . . . 1 . . . 6 . . . 9 29 18 Burn 3 | . . 3 . . . . . . . . . . . . . . . . . . . . Meltdown 5 | . . 1 . . . 2 . . . . . . . . . . . . . . 1 1 Destroy 61 | . . . . . . . 2 . . . . 1 . . . 6 . . . 8 28 16 Blast 2 | . . . . . . . . . . . . . . . . . . . . 1 . 1 Corrupt 1 | . . 1 . . . . . . . . . . . . . . . . . . . . Smash 1 | . . . . . . . . 1 . . . . . . . . . . . . . . Melee Attacks 19 | . . . . 7 . . . 7 . . . . . . . 1 . . . . . 4 Impact 14 | . . . . 7 . . . 7 . . . . . . . . . . . . . . Slashing 1 | . . . . . . . . . . . . . . . . 1 . . . . . . Piercing . | . . . . . . . . . . . . . . . . . . . . . . . Sneak Attacks 6 | . . . . 4 . . . . . . . . . . . . . . . . . 2 Combat Hostiles . | . . . . . . . . . . . . . . . . . . . . . . . Follow-up Attacks . | . . . . . . . . . . . . . . . . . . . . . . . Damage Inflicted 26979 | 54 1403 644 1598 1417 . 608 3348 349 852 1144 1253 632 205 . 1204 3024 2709 57 1129 518 2038 2793 Guns 11554 | 54 941 239 64 399 . . 2171 115 852 1144 902 343 205 . 1204 1871 117 . . . . 933 Cannons 11611 | . 455 340 1176 271 . 507 206 . . . . . . . . 1145 2440 57 1129 518 2038 1329 Explosions 3324 | . . 65 358 476 . 101 971 94 . . 348 289 . . . . 152 . . . . 470 Melee 411 | . . . . 271 . . . 140 . . . . . . . . . . . . . . Ramming 79 | . 7 . . . . . . . . . 3 . . . . 8 . . . . . 61 Kinetic 11559 | 54 568 . . . . . 2171 115 852 1144 884 160 50 . 206 1871 . . . 491 1365 1628 Thermal 11999 | . 828 598 1187 791 . 507 294 . . . 18 183 155 . 998 1145 2557 57 1129 27 673 852 Explosive 1965 | . . . . . . 101 729 94 . . 348 289 . . . . 152 . . . . 252 Electromagnetic 966 | . . 46 411 355 . . 154 . . . . . . . . . . . . . . . Impact 411 | . . . . 271 . . . 140 . . . . . . . . . . . . . . Slashing . | . . . . . . . . . . . . . . . . . . . . . . . Piercing . | . . . . . . . . . . . . . . . . . . . . . . . Highest Corruption 9 | . 2 2 . . . 9 1 1 1 1 1 1 1 1 1 1 1 1 1 . . 3 Average Corruption 1 | . 2 2 . . . 3 1 1 1 1 1 1 1 1 1 1 1 1 1 . . 2 Corruption Purged . | . . . . . . . . . . . . . . . . . . . . . . . Corruption Blocked . | . . . . . . . . . . . . . . . . . . . . . . . Effects 114 | . 10 21 . . . 3 6 2 4 4 4 8 5 1 14 5 7 2 6 . . 12 Message Errors 20 | . 4 5 . . . . 1 . . 3 . 1 . . 3 1 . . . . . 2 Matter Fused 30 | . 3 6 . . . 1 1 . 1 . 1 4 2 . 2 3 . . 3 . . 3 Heat Flow Errors 17 | . 1 3 . . . . 1 . 1 . 1 . 2 . 4 1 3 . . . . . Energy Discharges 15 | . . 3 . . . . 1 1 2 . . 2 1 . . . 1 1 1 . . 2 Parts Rejected 1 | . . . . . . . . . . . 1 . . . . . . . . . . . Data Loss (minor) 15 | . 1 2 . . . 1 2 . . . . 1 . 1 2 . 1 1 1 . . 2 Data Loss (major) 6 | . . . . . . 1 . . . . 1 . . . . . 1 . 1 . . 2 Misfires 5 | . 1 1 . . . . . 1 . . . . . . 1 . 1 . . . . . Alerts 3 | . . . . . . . . . . 1 . . . . 2 . . . . . . . Weapon Failures 2 | . . 1 . . . . . . . . . . . . . . . . . . . 1 Overload Shots 2 | . . . . . . . . . . . . . . . . . . . 1 . 1 . Overflow Damage 557 | . 1 17 35 148 . . 62 35 . . 50 . . . . 19 35 . 30 . 38 87 Projectiles 254 | . 1 11 35 12 . . 19 . . . . . . . . 19 24 . 30 . 38 65 Explosions 141 | . . 6 . 8 . . 43 1 . . 50 . . . . . 11 . . . . 22 Melee 162 | . . . . 128 . . . 34 . . . . . . . . . . . . . . Knockbacks 26 | . . . . 1 . . . . . . . . . . . . . . . 6 6 13 Impact 1 | . . . . 1 . . . . . . . . . . . . . . . . . . Kinetic 22 | . . . . . . . . . . . . . . . . . . . . 5 6 11 Secondary 3 | . . . . . . . . . . . . . . . . . . . . 1 . 2 Self-Inflicted Damage 811 | . . 20 27 108 . 40 235 155 . . 65 81 . . . . 10 . . . . 70 Shots 17 | . . 1 2 3 . 1 4 1 . . 1 2 . . . . 1 . . . . 1 Rammed 13 | . 3 . . . . . . . . . 1 . . . . 2 . . . . . 7 Targets Rammed 13 | . 3 . . . . . . . . . 1 . . . . 2 . . . . . 7 Kicked . | . . . . . . . . . . . . . . . . . . . . . . . Crushed . | . . . . . . . . . . . . . . . . . . . . . . . Highest Temperature 476 | . 476 220 195 405 . 245 289 36 348 24 82 146 177 . 229 97 340 39 195 240 332 195 Average Temperature 76 | . 80 49 53 139 . 76 69 18 131 14 20 64 84 . 68 11 106 22 73 81 102 64 Received Heat Transfer 4205 | . 198 72 99 176 . 105 522 60 162 103 101 . 9 . 279 186 486 18 138 45 312 1134 Effects 9 | . 6 . . . . . 1 . 1 . . . . . . . . . . . 1 . Shutdowns 1 | . 1 . . . . . . . . . . . . . . . . . . . . . Interference 2 | . . . . . . . 1 . 1 . . . . . . . . . . . . . Matter Decay 1 | . . . . . . . . . . . . . . . . . . . . . 1 . Short Circuit 1 | . 1 . . . . . . . . . . . . . . . . . . . . . Damage (major) 4 | . 4 . . . . . . . . . . . . . . . . . . . . . Siege Activations . | . . . . . . . . . . . . . . . . . . . . . . . Robots Corrupted . | . . . . . . . . . . . . . . . . . . . . . . . Combat Hostiles . | . . . . . . . . . . . . . . . . . . . . . . . Parts Fried 7 | . . . . 7 . . . . . . . . . . . . . . . . . . Impact Corruptions 5 | . . . . 4 . . . 1 . . . . . . . . . . . . . . Robots Melted 6 | . . 1 . . . 2 . . . . . . . . . . . . 1 . 1 1 Combat Hostiles 6 | . . 1 . . . 2 . . . . . . . . . . . . 1 . 1 1 Parts Melted 41 | . 5 2 2 . . 5 2 . . . . . . . 2 3 8 . 5 . 3 4 Heat Transferred 18043 | . 2072 1654 1976 1310 . 851 433 . . . 15 155 130 . 1050 1517 3582 87 1313 37 761 1100 Parts Sabotaged . | . . . . . . . . . . . . . . . . . . . . . . . Parts Stolen 1 | . . . . . . . . . . . . 1 . . . . . . . . . . Parts Stripped . | . . . . . . . . . . . . . . . . . . . . . . . Power Chain Reactions 9 | . . 1 3 4 . . 1 . . . . . . . . . . . . . . . Missiles Intercepted . | . . . . . . . . . . . . . . . . . . . . . . . Alert | -11 -10 -10 -9 -9 -9 -8 -8 -8 -8 -8 -7 -7 -7 -7 -6 -6 -6 -6 -6 -5 -5 -4 ------- Run | Scr Mat Min Mat Min Exi Min Mat Gar Mat Gar Fac Low Low Dat Pro Fac Gar Fac Gar Fac Gar Fac Peak Influence 926 | 5 348 266 216 121 . 251 597 608 670 915 691 . . . . 568 855 512 782 545 900 926 Initial 480 | . 3 91 . 11 . . 72 279 296 269 480 . . . . 81 257 448 358 410 355 472 Average 359 | 2 126 87 81 64 . 140 395 559 455 701 469 . . . . 304 551 464 595 440 641 603 Maximum Alert Level 3 | . 1 1 1 . . 1 2 2 2 3 2 . . . . 2 3 2 3 2 3 3 Low Security (%) 36 | 100 79 90 90 100 . 77 10 . . . . . . . . 35 . . . . . . Level 1 17 | . 20 9 9 . . 22 31 8 34 7 25 . . . . 35 39 . 10 10 2 15 Level 2 34 | . . . . . . . 58 91 65 32 74 . . . . 29 26 100 74 89 55 44 Level 3 11 | . . . . . . . . . . 59 . . . . . . 34 . 14 . 42 40 Level 4 . | . . . . . . . . . . . . . . . . . . . . . . . Level 5 . | . . . . . . . . . . . . . . . . . . . . . . . High Security . | . . . . . . . . . . . . . . . . . . . . . . . Max Security . | . . . . . . . . . . . . . . . . . . . . . . . Squads Dispatched 38 | . 6 1 3 1 . . 2 . . . 4 . . . 1 8 . . . 3 . 9 Investigation 15 | . 3 1 1 . . . 2 . . . 2 . . . . 3 . . . 1 . 2 Extermination 7 | . . . . . . . . . . . 1 . . . . 2 . . . 1 . 3 Reinforcement 9 | . 3 . 2 . . . . . . . . . . . . 2 . . . 1 . 1 Assault 6 | . . . . 1 . . . . . . . . . . 1 1 . . . . . 3 Garrison 1 | . . . . . . . . . . . 1 . . . . . . . . . . . Intercept . | . . . . . . . . . . . . . . . . . . . . . . . Searches Triggered . | . . . . . . . . . . . . . . . . . . . . . . . Data Miner Redirects 5 | . . . . . . . . . . . . . . . . 2 . . . . . 3 Construction Impeded 1 | . . . . . . . . . . . . . . . . . . . . . . 1 Haulers Reinforced 2 | . . . . . . . . . . . . . . . . 2 . . . . . . Active Scanning Responses . | . . . . . . . . . . . . . . . . . . . . . . . Cargo Convoy Interrupts . | . . . . . . . . . . . . . . . . . . . . . . . Stealth | -11 -10 -10 -9 -9 -9 -8 -8 -8 -8 -8 -7 -7 -7 -7 -6 -6 -6 -6 -6 -5 -5 -4 --------- Run | Scr Mat Min Mat Min Exi Min Mat Gar Mat Gar Fac Low Low Dat Pro Fac Gar Fac Gar Fac Gar Fac Distress Signals 8 | . 2 . 1 . . . 1 . 2 . 1 . . . . . . . . . . 1 Communications Jammed 13 | . . . . . . . . . . . . . . . . . . . . . . 13 Distress Signals 13 | . . . . . . . . . . . . . . . . . . . . . . 13 Times Spotted 455 | . 31 14 32 27 . 18 38 3 16 32 16 10 7 . 15 34 27 4 23 18 34 56 Peak Tracking Total 15 | . 4 4 6 9 . 4 6 2 4 7 3 4 7 . 4 5 10 2 8 5 7 15 Tactical Retreats 20 | . 1 2 . . . 3 1 1 . 1 . 1 . . . 1 . . . 2 5 2 Traps | -11 -10 -10 -9 -9 -9 -8 -8 -8 -8 -8 -7 -7 -7 -7 -6 -6 -6 -6 -6 -5 -5 -4 ------- Run | Scr Mat Min Mat Min Exi Min Mat Gar Mat Gar Fac Low Low Dat Pro Fac Gar Fac Gar Fac Gar Fac Traps Triggered 18 | . 2 . . . . . . 1 . 5 . . . . . . 2 . 4 . 3 1 Indirectly . | . . . . . . . . . . . . . . . . . . . . . . . Trap Hack Attempts . | . . . . . . . . . . . . . . . . . . . . . . . Triggered . | . . . . . . . . . . . . . . . . . . . . . . . Disarmed 4 | . . . . . . . . . . . 4 . . . . . . . . . . . Reprogrammed . | . . . . . . . . . . . . . . . . . . . . . . . Reused . | . . . . . . . . . . . . . . . . . . . . . . . Traps Extracted . | . . . . . . . . . . . . . . . . . . . . . . . Installed . | . . . . . . . . . . . . . . . . . . . . . . . Triggered 2 | . . . . . . . . . . . . 2 . . . . . . . . . . Machines | -11 -10 -10 -9 -9 -9 -8 -8 -8 -8 -8 -7 -7 -7 -7 -6 -6 -6 -6 -6 -5 -5 -4 ---------- Run | Scr Mat Min Mat Min Exi Min Mat Gar Mat Gar Fac Low Low Dat Pro Fac Gar Fac Gar Fac Gar Fac Machines Disabled 59 | . 2 . 1 3 . . 10 3 . 2 4 . . . 1 5 2 . 3 . 3 20 Max in Single Turn 12 | . 1 . 1 3 . . 8 2 . 1 4 . . . . 2 1 . 1 . 1 12 Garrison Access 2 | . . . . . . . . . . . . . . . . 1 . . . . . 1 Garrison Relay 10 | . . . . . . . . 1 . 2 . . . . . . 2 . 3 . 2 . Phase Generator 1 | . . . . . . . . 1 . . . . . . . . . . . . . . Machines Sabotaged . | . . . . . . . . . . . . . . . . . . . . . . . Garrisons Compromised . | . . . . . . . . . . . . . . . . . . . . . . . Overloaded Fab Kills . | . . . . . . . . . . . . . . . . . . . . . . . Hacking | -11 -10 -10 -9 -9 -9 -8 -8 -8 -8 -8 -7 -7 -7 -7 -6 -6 -6 -6 -6 -5 -5 -4 --------- Run | Scr Mat Min Mat Min Exi Min Mat Gar Mat Gar Fac Low Low Dat Pro Fac Gar Fac Gar Fac Gar Fac Machines Accessed 76 | . 8 2 9 1 1 . 12 . 6 . 6 . 1 4 . 14 . 4 . 2 . 6 Terminals 37 | . 6 . 7 1 . . 8 . 4 . 5 . . . . 5 . . . . . 1 Fabricators 4 | . . . . . . . . . . . 1 . . . . 1 . 1 . . . 1 Repair Stations 5 | . . . . . . . 1 . . . . . . . . 2 . 1 . 1 . . Recycling Units 7 | . 2 . 1 . . . 1 . . . . . . . . 2 . . . . . 1 Scanalyzers 8 | . . . 1 . . . 1 . 1 . . . . . . 2 . 1 . . . 2 Garrison Access 7 | . . . . . . . 1 . 1 . . . . . . 2 . 1 . 1 . 1 Total Hacks 259 | . 17 2 31 2 4 . 45 . 25 . 13 . 1 32 . 42 . 15 . 7 . 23 Successful 155 | . 4 2 17 1 4 . 22 . 14 . 7 . 1 32 . 25 . 11 . 6 . 9 Failed 103 | . 12 . 14 1 . . 23 . 11 . 6 . . . . 17 . 4 . 1 . 14 Catastrophic 17 | . 1 . 1 . . . 5 . 2 . 2 . . . . 2 . 1 . . . 3 Database Lockouts 1 | . 1 . . . . . . . . . . . . . . . . . . . . . Manual 108 | . 12 . 20 . 1 . 33 . 18 . 2 . . . . 8 . 1 . 2 . 11 Terminals 115 | . 13 . 27 2 . . 27 . 17 . 11 . . . . 15 . . . . . 3 Fabricators 13 | . . . . . . . . . . . 2 . . . . 4 . 2 . . . 5 Repair Stations 14 | . . . . . . . 3 . . . . . . . . 6 . 2 . 3 . . Recycling Units 17 | . 4 . 2 . . . 5 . . . . . . . . 3 . . . . . 3 Scanalyzers 30 | . . . 2 . . . 7 . 3 . . . . . . 7 . 8 . . . 3 Garrison Access 31 | . . . . . . . 3 . 5 . . . . . . 7 . 3 . 4 . 9 Terminal Hacks 71 | . 1 2 12 1 4 . 7 . 4 . 4 . 1 32 . 3 . . . . . . Record 16 | . . . . . 4 . . . . . . . . 11 . 1 . . . . . . Part Schematic 16 | . . . 2 . . . 1 . . . . . . 12 . 1 . . . . . . Robot Schematic 6 | . . . . . . . . . . . . . . 6 . . . . . . . . Robot Analysis 3 | . 1 . 1 . . . . . 1 . . . . . . . . . . . . . Prototype ID Bank 6 | . . . 2 . . . 1 . . . . . . 3 . . . . . . . . Open Door 3 | . . 2 . . . . . . . . . . 1 . . . . . . . . . Open DSF 1 | . . . . . . . . . . . 1 . . . . . . . . . . . Branch Access Points 3 | . . . 2 . . . 1 . . . . . . . . . . . . . . . Emergency Access Points 1 | . . . . . . . . . . . 1 . . . . . . . . . . . Terminal Index 3 | . . . 1 . . . 1 . 1 . . . . . . . . . . . . . Unreport Threat 7 | . . . 2 . . . 2 . 2 . . . . . . 1 . . . . . . Disarm Traps 1 | . . . . . . . . . . . 1 . . . . . . . . . . . Recall Investigation 2 | . . . . . . . 1 . . . 1 . . . . . . . . . . . Hauler Manifests 2 | . . . 2 . . . . . . . . . . . . . . . . . . . Zone Layout 1 | . . . . 1 . . . . . . . . . . . . . . . . . . Fabricator Hacks 5 | . . . . . . . . . . . 2 . . . . 2 . . . . . 1 Network Status 1 | . . . . . . . . . . . . . . . . . . . . . . 1 Load Schematic 2 | . . . . . . . . . . . 1 . . . . 1 . . . . . . Build 2 | . . . . . . . . . . . 1 . . . . 1 . . . . . . Repair Station Hacks 12 | . . . . . . . 2 . . . . . . . . 6 . 2 . 2 . . Scan Component 6 | . . . . . . . 1 . . . . . . . . 3 . 1 . 1 . . Repair 6 | . . . . . . . 1 . . . . . . . . 3 . 1 . 1 . . Recycling Unit Hacks 5 | . . . . . . . . . . . . . . . . 3 . . . . . 2 Report Inventory 3 | . . . . . . . . . . . . . . . . 2 . . . . . 1 Retrieve Components 2 | . . . . . . . . . . . . . . . . 1 . . . . . 1 Scanalyzer 22 | . . . 2 . . . 4 . 3 . . . . . . 4 . 7 . . . 2 Insert Component 12 | . . . 1 . . . 2 . 2 . . . . . . 2 . 4 . . . 1 Analyze 10 | . . . 1 . . . 2 . 1 . . . . . . 2 . 3 . . . 1 Garrison Access Hacks 12 | . . . . . . . 1 . 2 . . . . . . 4 . 2 . 2 . 1 Unlock Access 6 | . . . . . . . 1 . 1 . . . . . . 2 . 1 . 1 . . Coupler Status 6 | . . . . . . . . . 1 . . . . . . 2 . 1 . 1 . 1 Unauthorized Hacks 28 | . 3 . 3 . . . 8 . 5 . 1 . . . . 3 . . . 2 . 3 Terminals 10 | . . . 2 . . . 3 . 3 . 1 . . . . 1 . . . . . . Assimilate 1 | . . . . . . . 1 . . . . . . . . . . . . . . . Botnet 7 | . . . 1 . . . 2 . 2 . 1 . . . . 1 . . . . . . Disrupt 1 | . . . . . . . . . 1 . . . . . . . . . . . . . Operators 1 | . . . 1 . . . . . . . . . . . . . . . . . . . Fabricators . | . . . . . . . . . . . . . . . . . . . . . . . Repair Stations . | . . . . . . . . . . . . . . . . . . . . . . . Recycling Units 7 | . 3 . 1 . . . 3 . . . . . . . . . . . . . . . Reject 1 | . . . . . . . 1 . . . . . . . . . . . . . . . Recyclers 2 | . 1 . . . . . 1 . . . . . . . . . . . . . . . Tunnel 4 | . 2 . 1 . . . 1 . . . . . . . . . . . . . . . Scanalyzers . | . . . . . . . . . . . . . . . . . . . . . . . Garrison Access 11 | . . . . . . . 2 . 2 . . . . . . 2 . . . 2 . 3 Restock 2 | . . . . . . . . . 1 . . . . . . 1 . . . . . . Decoy 2 | . . . . . . . 1 . . . . . . . . . . . . 1 . . Redirect 1 | . . . . . . . . . 1 . . . . . . . . . . . . . Reprogram 2 | . . . . . . . . . . . . . . . . 1 . . . . . 1 Intercept 1 | . . . . . . . 1 . . . . . . . . . . . . . . . Watchers 1 | . . . . . . . . . . . . . . . . . . . . . . 1 Eject 2 | . . . . . . . . . . . . . . . . . . . . 1 . 1 Data Cores Recovered 2 | . . . 1 . . . . . . . 1 . . . . . . . . . . . Used . | . . . . . . . . . . . . . . . . . . . . . . . Hacking Detections 60 | . 8 . 9 1 . . 10 . 6 . 5 . . . . 11 . 3 . 1 . 6 Full Trace Events 7 | . . . . . . . 2 . . . 2 . . . . 2 . . . . . 1 Feedback Events 3 | . . . . . . . . . . . 1 . . . . . . . . . . 2 Corruption 1 | . . . . . . . . . . . 1 . . . . . . . . . . . Hackware Fried 2 | . . . . . . . . . . . . . . . . . . . . . . 2 Feedback Blocked . | . . . . . . . . . . . . . . . . . . . . . . . Robot Schematics Acquired 6 | . . . . . . . . . . . . . . 6 . . . . . . . . Robots Built . | . . . . . . . . . . . . . . . . . . . . . . . Authchips . | . . . . . . . . . . . . . . . . . . . . . . . Time . | . . . . . . . . . . . . . . . . . . . . . . . Total Robot Build Rating . | . . . . . . . . . . . . . . . . . . . . . . . Part Schematics Acquired 23 | . . . 3 . . . 1 . 1 . . . . 12 . 3 . 2 . . . 1 Parts Built 3 | . . . . . . . . . . . 2 . . . . 1 . . . . . . Authchips . | . . . . . . . . . . . . . . . . . . . . . . . Time 153 | . . . . . . . . . . . 95 . . . . 58 . . . . . . Total Part Build Rating 17 | . . . . . . . . . . . 10 . . . . 7 . . . . . . Parts Repaired 6 | . . . . . . . 1 . . . . . . . . 3 . 1 . 1 . . Time 329 | . . . . . . . 136 . . . . . . . . 149 . 22 . 22 . . Parts Recycled . | . . . . . . . . . . . . . . . . . . . . . . . Recycled Matter . | . . . . . . . . . . . . . . . . . . . . . . . Retrieved Matter . | . . . . . . . . . . . . . . . . . . . . . . . Retrieved Components 11 | . . . . . . . . . . . . . . . . 1 . . . . . 10 Parts Scanalyzed 9 | . . . 1 . . . 1 . . . . . . . . 2 . 4 . . . 1 Part Schematics Acquired 7 | . . . 1 . . . . . 1 . . . . . . 2 . 2 . . . 1 Parts Damaged . | . . . . . . . . . . . . . . . . . . . . . . . Bothacking | -11 -10 -10 -9 -9 -9 -8 -8 -8 -8 -8 -7 -7 -7 -7 -6 -6 -6 -6 -6 -5 -5 -4 ------------ Run | Scr Mat Min Mat Min Exi Min Mat Gar Mat Gar Fac Low Low Dat Pro Fac Gar Fac Gar Fac Gar Fac Used RIF Installer 5 | . . . . . . . . 1 . 1 . . . . . . 1 . 1 . 1 . Hotswap 1 | . . . . . . . . . . . . . . . . . . . 1 . . . Threat Obfuscator 1 | . . . . . . . . . . . . . . . . . . . . . 1 . Robot Detection 1 | . . . . . . . . . . 1 . . . . . . . . . . . . Watcher Feeds 1 | . . . . . . . . . . . . . . . . . 1 . . . . . Robots Hacked 42 | . . . . . . . . . . 1 . 1 . . . 3 2 3 7 6 8 11 Non-combat 11 | . . . . . . . . . . . . 1 . . . 1 . 1 . 4 . 4 Combat 31 | . . . . . . . . . . 1 . . . . . 2 2 2 7 2 8 7 Robot Hacks Applied 49 | . . . . . . . . . . 1 . 1 . . . 3 3 3 9 7 9 13 parse_system 2 | . . . . . . . . . . . . 1 . . . . . . . . . 1 no_distress 1 | . . . . . . . . . . . . . . . . . . . . . . 1 ignore_repairs 1 | . . . . . . . . . . . . . . . . . . . . 1 . . find_fabricator 2 | . . . . . . . . . . . . . . . . 1 . . . 1 . . drop_inventory 1 | . . . . . . . . . . . . . . . . . . . . 1 . . find_garrison 1 | . . . . . . . . . . . . . . . . 1 . . . . . . spike_heat 1 | . . . . . . . . . . . . . . . . . . . 1 . . . overload_power 2 | . . . . . . . . . . . . . . . . . . . . . . 2 amplify_resonance 17 | . . . . . . . . . . . . . . . . . . . 3 2 6 6 reboot_system 1 | . . . . . . . . . . . . . . . . . . . 1 . . . go_dormant 1 | . . . . . . . . . . . . . . . . . . . 1 . . . overwrite_iff 9 | . . . . . . . . . . . . . . . . . 3 . 1 . 3 2 formatsys_low 3 | . . . . . . . . . . . . . . . . . . 1 . 2 . . formatsys_high 7 | . . . . . . . . . . 1 . . . . . 1 . 2 2 . . 1 Relay Couplers Released 52 | . . . . . . . . 4 4 6 . . . . . 4 8 . 9 3 10 4 Ejected 7 | . . . . . . . . . . . . . . . . . . . . 3 . 4 Machine Destruction 38 | . . . . . . . . 4 . 6 . . . . . 1 8 . 9 . 10 . Programmers 7 | . . . . . . . . . 4 . . . . . . 3 . . . . . . Attached 21 | . . . . . . . . . . 1 . . . . . 2 2 2 3 3 2 6 Fabnet Peak Effective % . | . . . . . . . . . . . . . . . . . . . . . . . Robots Rewired 1 | . . . . . . . . . . . . . . . 1 . . . . . . . Allies Hacked 2 | . . . . . . . . . . . . . . . . 1 . . 1 . . . Hacks Repelled . | . . . . . . . . . . . . . . . . . . . . . . . Allies | -11 -10 -10 -9 -9 -9 -8 -8 -8 -8 -8 -7 -7 -7 -7 -6 -6 -6 -6 -6 -5 -5 -4 -------- Run | Scr Mat Min Mat Min Exi Min Mat Gar Mat Gar Fac Low Low Dat Pro Fac Gar Fac Gar Fac Gar Fac Total Allies 29 | . . 6 . . . . 1 . . 1 . . . . 2 4 2 3 2 2 3 3 Largest Group 3 | . . 3 3 . . . 1 1 . 1 . . . . 1 3 2 3 3 3 1 1 Highest-Rated Group 96 | . . 72 72 . . . 10 10 . 15 . . . . 96 87 76 85 85 84 41 49 Highest-Rated Ally 96 | . . 31 31 . . . 10 10 . 15 . . . . 96 29 47 32 32 29 41 49 Total Orders 3 | . . . . . . . . . . . . . . . . 2 . 1 . . . . GUARD 1 | . . . . . . . . . . . . . . . . 1 . . . . . . AID 1 | . . . . . . . . . . . . . . . . . . 1 . . . . EXPLORE 1 | . . . . . . . . . . . . . . . . 1 . . . . . . Ally Attacks 117 | . . 14 5 . . . . . . 2 . . . . 25 21 9 2 21 8 2 8 Total Damage 2454 | . . 157 85 . . . . . . 29 . . . . 743 318 180 61 461 76 46 298 Kills 31 | . . 3 2 . . . . . . 1 . . . . 8 3 3 1 5 2 1 2 Allies Corrupted 3 | . . 1 1 . . . . . . . . . . . . . . . 1 . . . Allies Melted 1 | . . . . . . . . . . . . . . . . 1 . . . . . . Intel | -11 -10 -10 -9 -9 -9 -8 -8 -8 -8 -8 -7 -7 -7 -7 -6 -6 -6 -6 -6 -5 -5 -4 ------- Run | Scr Mat Min Mat Min Exi Min Mat Gar Mat Gar Fac Low Low Dat Pro Fac Gar Fac Gar Fac Gar Fac Robot Analysis Total 3 | . 1 . 1 . . . . . 1 . . . . . . . . . . . . . Derelict Logs Recovered 6 | . . 2 . 1 . . . . . . . 1 . . 2 . . . . . . . Drone Launches 4 | . . . . . . . . . . . . . . . . 2 . . . . . 2 Drone Recoveries . | . . . . . . . . . . . . . . . . . . . . . . . Exploration | -11 -10 -10 -9 -9 -9 -8 -8 -8 -8 -8 -7 -7 -7 -7 -6 -6 -6 -6 -6 -5 -5 -4 ------------- Run | Scr Mat Min Mat Min Exi Min Mat Gar Mat Gar Fac Low Low Dat Pro Fac Gar Fac Gar Fac Gar Fac Turns Passed 21071 | 25 1207 1368 1658 1058 516 689 1471 351 368 1012 777 1243 620 120 1598 1949 662 375 991 517 1141 1355 Spaces Moved 10355 | 7 482 568 757 487 295 306 612 209 178 607 445 721 373 76 1023 1004 260 212 406 235 420 672 Core 136 | . . . . . . . . . . . . . . . . . . . . . . 136 Treads 1636 | 7 245 . . . . . . . 3 . 1 . . . . 2 2 . 207 235 420 514 Legs . | . . . . . . . . . . . . . . . . . . . . . . . Wheels 8583 | . 237 568 757 487 295 306 612 209 175 607 444 721 373 76 1023 1002 258 212 199 . . 22 Hover . | . . . . . . . . . . . . . . . . . . . . . . . Flight . | . . . . . . . . . . . . . . . . . . . . . . . Fastest Speed 50 | 160 160 175 190 175 175 175 125 145 145 145 145 145 160 160 145 145 160 160 160 155 155 50 Average Speed 166 | 160 179 179 190 185 175 194 172 145 152 145 145 151 160 160 145 157 161 160 214 159 202 152 Slowest Speed 570 | 160 320 190 190 215 175 230 230 145 570 145 570 160 160 160 160 330 330 160 320 240 240 240 Overloaded Moves . | . . . . . . . . . . . . . . . . . . . . . . . Propulsion Burnouts . | . . . . . . . . . . . . . . . . . . . . . . . Robots Hopped . | . . . . . . . . . . . . . . . . . . . . . . . Cave-ins Triggered . | . . . . . . . . . . . . . . . . . . . . . . . Exploration Rate (%) 55 | 2 85 94 80 85 60 81 66 50 27 72 14 64 60 68 94 31 54 8 65 10 73 23 Regions Visited 22 Branch Regions 8 Pre-discovered Areas 8 | . 2 2 1 . 1 . 1 . . . . . . 1 . . . . . . . . Known Exits Taken 11 | . . . 1 . . . 1 . 1 . 1 1 1 1 1 1 . 1 . 1 . . Unknown Exits Taken 6 | 1 1 1 . 1 1 1 . . . . . . . . . . . . . . . . Scrap Searched 10 | . . 2 . 1 . 2 . . . . . 4 . . 1 . . . . . . . Spaces Dug 11 | . . . . . . . . . . . . . . . . 9 . . . . . 2 Terrain Destroyed 412 | . . 6 15 12 . 30 49 82 . . 30 32 . . . 23 16 . . 5 10 102 Melee 1 | . . . . . . . . . . . . . . . . 1 . . . . . . Projectile 83 | . . . 9 5 . 6 1 . . . 2 . . . . 21 . . . 5 10 24 AOE 327 | . . 6 6 7 . 24 48 82 . . 28 32 . . . . 16 . . . . 78 Terrain Rammed . | . . . . . . . . . . . . . . . . . . . . . . . Walls Destroyed . | . . . . . . . . . . . . . . . . . . . . . . . Machines Disabled . | . . . . . . . . . . . . . . . . . . . . . . . Actions | -11 -10 -10 -9 -9 -9 -8 -8 -8 -8 -8 -7 -7 -7 -7 -6 -6 -6 -6 -6 -5 -5 -4 --------- Run | Scr Mat Min Mat Min Exi Min Mat Gar Mat Gar Fac Low Low Dat Pro Fac Gar Fac Gar Fac Gar Fac Total 12711 | 13 640 849 900 582 296 361 875 236 240 696 526 843 391 75 1087 1214 389 242 477 335 569 875 Wait 643 | . 25 206 21 24 . 7 92 5 . 1 28 75 8 . 17 45 28 4 4 24 15 14 Move 10333 | 6 481 567 756 486 294 305 611 208 177 606 444 720 372 75 1022 1003 259 211 405 234 419 672 Hop . | . . . . . . . . . . . . . . . . . . . . . . . Pick Up 255 | . 20 14 24 13 1 4 31 1 6 4 8 6 3 . 4 30 17 6 9 10 13 31 Fast Attach 28 | 1 2 . 2 . . . 3 . 5 . . . . . . 1 1 . . 3 3 7 Attach 108 | . 4 4 3 8 . 4 8 . 1 . 4 1 . . 6 7 10 2 1 5 8 32 Detach 10 | . 2 . . . . . . . . . . . . . . . . . . 4 1 3 Swap 189 | 2 4 4 16 7 . 11 15 2 4 5 2 12 2 . 9 24 8 7 7 11 21 16 Drop 197 | . 3 12 30 6 1 4 34 1 12 4 5 9 3 . . 21 8 5 6 9 7 17 Fire 850 | 4 96 42 48 31 . 26 81 4 35 44 34 20 3 . 23 80 54 7 37 35 75 71 Melee 19 | . . . . 7 . . . 7 . . . . . . . 1 . . . . . 4 Ram 1 | . . . . . . . . . . . . . . . . . . . . . . 1 Kick . | . . . . . . . . . . . . . . . . . . . . . . . Crush 12 | . 3 . . . . . . . . . 1 . . . . 2 . . . . . 6 Escape Stasis 59 | . . . . . . . . 8 . 32 . . . . . . 4 . 8 . 7 . Rewire 7 | . . . . . . . . . . . . . . . 6 . . . . . . 1 Trap . | . . . . . . . . . . . . . . . . . . . . . . . Miscellaneous . | . . . . . . . . . . . . . . . . . . . . . . . Route ------- -11/Scrapyard -10/Materials (discovered 5 exits: *Mat x3 / *Min x2) -10/Mines (discovered 2 exits: *Mat x2) -9/Materials (discovered 3 exits: *Mat x2 / *Min) -9/Mines -9/Exiles -8/Mines -8/Materials (discovered 3 exits: *Fac x2 / Gar) -8/Garrison -8/Materials -8/Garrison (discovered 3 exits: *Fac x3) -7/Factory -7/Lower Caves -7/Lower Caves -7/Data Miner -6/Proximity Caves -6/Factory (discovered 5 exits: *Fac x3 / Low / Gar) -6/Garrison -6/Factory -6/Garrison (discovered 2 exits: *Fac x2) -5/Factory (discovered 2 exits: *Fac / Gar) -5/Garrison (discovered 3 exits: *Fac x3) -4/Factory History --------- Turn | Location | Event 15 | -11/Scrapyard | Discovered new exit (range 3) 26 | -11/Scrapyard | Entered Materials 82 | -10/Materials | Discovered new exit (range 15) 271 | -10/Materials | Discovered new exit (range 10) 308 | -10/Materials | Build established: Mutant 468 | -10/Materials | Central database locked down 679 | -10/Materials | Discovered new exit (range 11) 681 | -10/Materials | Core integrity fell below 50% 788 | -10/Materials | Discovered new exit (range 16) 1173 | -10/Materials | Discovered new exit (range 15) 1233 | -10/Materials | Entered Mines 1410 | -10/Mines | Discovered new exit (range 7) 1419 | -10/Mines | Core integrity fell below 20% 1547 | -10/Mines | Met a Derelict shopkeep closing up shop 1744 | -10/Mines | Learned location of Zion (-6) 1762 | -10/Mines | Assisted by bots powering up and referring to "LRC-V3" 2017 | -10/Mines | Excavation squad dispatched 2017 | -10/Mines | A large section of the Mines collapsed 2416 | -10/Mines | Received a Mining Laser from a helpful Derelict 2544 | -10/Mines | Discovered new exit (range 5) 2564 | -10/Mines | Met a Derelict who couldn't figure out how to use a Trap Extractor 2601 | -10/Mines | Entered Materials 2601 | -9/Materials | Accompanied by 3 allies 2601 | -9/Materials | Evolved 2 slots: Propulsion x1, Utility x1 2606 | -9/Materials | Led the pair of lost Derelicts to an unsafe place 2934 | -9/Materials | Discovered new exit (range 3) 3002 | -9/Materials | Identified exit to Mines 4127 | -9/Materials | Discovered new exit (range 5) 4259 | -9/Materials | Entered Mines 4340 | -9/Mines | Met a Derelict testing a Signal Generator 4360 | -9/Mines | Found Signal Generator 4551 | -9/Mines | Found a damaged Exp. Sensor Array with a note attached 4555 | -9/Mines | Found Prototype Device 4661 | -9/Mines | Assembled infested the area 4743 | -9/Mines | Core integrity fell below 50% 4764 | -9/Mines | Destroyed 11 combat bots 4985 | -9/Mines | Lost 4 parts (1p3n) 5111 | -9/Mines | Received a Rocket Launcher from a helpful Derelict 5163 | -9/Mines | Learned Materials trap positions 5188 | -9/Mines | Deemed a non-threat by the Exiles lab entrance 5189 | -9/Mines | Discovered new exit (range 5) 5227 | -9/Mines | Build established: Scavenger-Mutant 5317 | -9/Mines | Entered Exiles 5365 | -9/Exiles | Met 8R-AWN 5391 | -9/Exiles | Met EX-HEX 5440 | -9/Exiles | Met EX-BIN 5678 | -9/Exiles | Met EX-DEC 5811 | -9/Exiles | Discovered new exit (range 14) 5833 | -9/Exiles | Entered Mines 6507 | -8/Mines | Discovered new exit (range 4) 6522 | -8/Mines | Entered Materials 6522 | -8/Materials | Evolved 2 slots: Utility x1, Weapon x1 6523 | -8/Materials | Loaded intel: 26 trap records 6804 | -8/Materials | Discovered new exit (range 14) 6995 | -8/Materials | Build established: Scavenger-Tank 7365 | -8/Materials | Discovered new exit (range 5) 7761 | -8/Materials | Identified Exp. Sensor Array 7848 | -8/Materials | Identified exit to Garrison 7947 | -8/Materials | Build established: Tank 7957 | -8/Materials | Repaired Broken Exp. Sensor Array 7993 | -8/Materials | Entered Garrison 7993 | -8/Garrison | Accompanied by 1 ally 8023 | -8/Garrison | Phase Generator disabled 8042 | -8/Garrison | Triggered checkpoint 8103 | -8/Garrison | Garrison Relay disabled 8308 | -8/Garrison | Discovered new exit (range 13) 8337 | -8/Garrison | Installed Relay Interface Framework 8344 | -8/Garrison | Entered Materials 8681 | -8/Materials | Identified exit to Garrison 8712 | -8/Materials | Entered Garrison 8763 | -8/Garrison | Build established: Gunner 8784 | -8/Garrison | Triggered checkpoint 8804 | -8/Garrison | Triggered checkpoint 8831 | -8/Garrison | Destroyed 11 combat bots 8923 | -8/Garrison | Discovered new exit (range 15) 9060 | -8/Garrison | Discovered new exit (range 10) 9114 | -8/Garrison | Triggered checkpoint 9201 | -8/Garrison | Discovered new exit (range 9) 9225 | -8/Garrison | Expanded RIF knowledge: Robot Detection 9464 | -8/Garrison | Triggered checkpoint 9493 | -8/Garrison | Garrison Relay disabled 9662 | -8/Garrison | Triggered checkpoint 9687 | -8/Garrison | Garrison Relay disabled 9724 | -8/Garrison | Entered Factory 9724 | -7/Factory | Evolved 2 slots: Utility x2 10027 | -7/Factory | Build established: Bothacker-Skirmisher 10280 | -7/Factory | Fabricated Lgt. Angular Momentum Engine (x2) 10392 | -7/Factory | Garrison activated, responded to threat 10449 | -7/Factory | Destroyed 7 combat bots 10454 | -7/Factory | Discovered new exit (range 8) 10490 | -7/Factory | Identified exit to Lower Caves 10501 | -7/Factory | Entered Lower Caves 10871 | -7/Lower Caves | Learned Factory non-interactive machine intel 11731 | -7/Lower Caves | Discovered new exit (range 9) 11736 | -7/Lower Caves | Encountered a Warlord checkpoint 11743 | -7/Lower Caves | Identified exit to Lower Caves 11744 | -7/Lower Caves | Entered another Lower Caves area 11745 | -7/Lower Caves | Encountered a Warlord checkpoint 12295 | -7/Lower Caves | Discovered new exit (range 10) 12362 | -7/Lower Caves | Attracted the attention of an 0b10 outpost 12362 | -7/Lower Caves | Identified exit to Data Miner 12364 | -7/Lower Caves | Entered Data Miner 12364 | -7/Data Miner | Discovered new exit (range 6) 12395 | -7/Data Miner | Met Data Miner 12422 | -7/Data Miner | Learned location of Section 7 (-2) 12422 | -7/Data Miner | Acquired the access code to Warlord's prototype stash 12448 | -7/Data Miner | Received God Mode back door access code from Data Miner 12483 | -7/Data Miner | Identified exit to Proximity Caves 12484 | -7/Data Miner | Entered Proximity Caves 12779 | -6/Proximity Caves | Escorted by Enhanced Grunt 12789 | -6/Proximity Caves | Attracted the attention of an 0b10 checkpoint 13086 | -6/Proximity Caves | Learned Factory trap positions 13394 | -6/Proximity Caves | Build established: Bothacker-Tank 13450 | -6/Proximity Caves | Learned location of 2 exits from Factory 13704 | -6/Proximity Caves | Attracted the attention of an 0b10 outpost 13873 | -6/Proximity Caves | Lost 3 parts (3w) 14007 | -6/Proximity Caves | Build established: Bothacker-Gunner 14062 | -6/Proximity Caves | Discovered new exit (range 9) 14072 | -6/Proximity Caves | Identified exit to Factory 14082 | -6/Proximity Caves | Entered Factory 14082 | -6/Factory | Accompanied by 1 ally 14082 | -6/Factory | Evolved 2 slots: Propulsion x1, Utility x1 14083 | -6/Factory | Identified exit to Factory 14083 | -6/Factory | Identified exit to Lower Caves 14084 | -6/Factory | Loaded intel: 84 trap records 14085 | -6/Factory | Loaded intel: 209 non-interactive machine locations 14410 | -6/Factory | Incoming investigation squad redirected 14704 | -6/Factory | Build established: Hacker-Gunner 14746 | -6/Factory | Discovered exit to Factory (range 34) 14783 | -6/Factory | Repaired Exp. Sensor Array? 15331 | -6/Factory | Identified exit to Garrison 15380 | -6/Factory | Repaired Arm. Treads 15403 | -6/Factory | Repaired Arm. Huge Wheel? 15445 | -6/Factory | Incoming assault squad redirected 15470 | -6/Factory | Fabricated Adv. Transmission Jammer (x1) 15494 | -6/Factory | Build established: Hacker-Mutant 15585 | -6/Factory | Spotted B-75 Beast 15609 | -6/Factory | Destroyed B-75 Beast 15675 | -6/Factory | Discovered exit to Factory (range 16) 15801 | -6/Factory | Build established: Hacker-Gunner 15894 | -6/Factory | Identified exit to Garrison 16031 | -6/Factory | Entered Garrison 16039 | -6/Garrison | Expanded RIF knowledge: Watcher Feeds 16086 | -6/Garrison | Triggered checkpoint 16174 | -6/Garrison | Triggered checkpoint 16200 | -6/Garrison | Garrison Relay disabled 16364 | -6/Garrison | Destroyed 8 combat bots 16367 | -6/Garrison | Spotted B-75 Beast 16447 | -6/Garrison | Destroyed B-75 Beast 16466 | -6/Garrison | Core integrity fell below 50% 16507 | -6/Garrison | Destroyed 7 combat bots 16512 | -6/Garrison | Lost 5 parts (1p1n1u2w) 16572 | -6/Garrison | Discovered new exit (range 10) 16588 | -6/Garrison | Triggered checkpoint 16639 | -6/Garrison | Garrison Relay disabled 16640 | -6/Garrison | Build established: Bothacker-Gunner 16691 | -6/Garrison | Identified exit to Factory 16693 | -6/Garrison | Entered Factory 17023 | -6/Factory | Repaired Arm. Huge Wheel 17051 | -6/Factory | Identified exit to Garrison 17068 | -6/Factory | Entered Garrison 17068 | -6/Garrison | Accompanied by 3 allies 17076 | -6/Garrison | Expanded RIF knowledge: Hotswap 17126 | -6/Garrison | Triggered checkpoint 17215 | -6/Garrison | Garrison Relay disabled 17428 | -6/Garrison | Triggered checkpoint 17431 | -6/Garrison | Triggered checkpoint 17561 | -6/Garrison | Discovered exit to Factory (range 14) 17634 | -6/Garrison | Triggered checkpoint 17677 | -6/Garrison | Garrison Relay disabled 17724 | -6/Garrison | Build established: Botlord-Mutant 17774 | -6/Garrison | Triggered checkpoint 17828 | -6/Garrison | Triggered checkpoint 17829 | -6/Garrison | Discovered exit to Factory (range 15) 17908 | -6/Garrison | Triggered checkpoint 17919 | -6/Garrison | Garrison Relay disabled 18059 | -6/Garrison | Entered Factory 18059 | -5/Factory | Accompanied by 2 allies 18059 | -5/Factory | Evolved 2 slots: Utility x2 18431 | -5/Factory | Repaired Remote Datajack 18443 | -5/Factory | Discovered new exit (range 21) 18495 | -5/Factory | Identified exit to Factory 18568 | -5/Factory | Identified exit to Garrison 18576 | -5/Factory | Entered Garrison 18702 | -5/Garrison | Spotted B-75 Beast 18720 | -5/Garrison | Triggered checkpoint 18759 | -5/Garrison | Triggered checkpoint 18781 | -5/Garrison | Destroyed B-75 Beast 18824 | -5/Garrison | Triggered checkpoint 18945 | -5/Garrison | Garrison Relay disabled 19084 | -5/Garrison | Triggered checkpoint 19136 | -5/Garrison | Discovered exit to Factory (range 11) 19327 | -5/Garrison | Discovered exit to Factory (range 13) 19482 | -5/Garrison | Triggered checkpoint 19518 | -5/Garrison | Garrison Relay disabled 19585 | -5/Garrison | Build established: Botlord-Gunner 19677 | -5/Garrison | Discovered exit to Factory (range 10) 19703 | -5/Garrison | Expanded RIF knowledge: Threat Obfuscation 19717 | -5/Garrison | Entered Factory 19717 | -4/Factory | Evolved 2 slots: Power x1, Utility x1 19904 | -4/Factory | Build established: Botlord-Mutant 20125 | -4/Factory | Lost 10 parts (1p3n3u3w) 20672 | -4/Factory | Incoming assault squad redirected 20717 | -4/Factory | First assault squad dispatched 20742 | -4/Factory | Incoming assault squad redirected 20841 | -4/Factory | Build established: Botlord-Gunner 20851 | -4/Factory | Hacking Suite fried by hacking feedback 20851 | -4/Factory | Adv. System Shield fried by hacking feedback 20867 | -4/Factory | Incoming investigation squad redirected 20964 | -4/Factory | Core integrity fell below 50% 20990 | -4/Factory | Released all parts (14) 21011 | -4/Factory | Lost 17 parts (3p4n3u7w) 21066 | -4/Factory | Core integrity fell below 20% 21072 | -4/Factory | Destroyed by H-77 Assassin with Coil Gun Last Messages --------------- 21029_ >> Watcher Feeds: Feed link from W-44 Eye lost. 21035_ >> Watcher Feeds: Established visual feed link with W-44 Eye. 21035_ Acquired Graphene Brace. 21039_ >> Watcher Feeds: Feed link from W-44 Eye lost. 21039_ >> Watcher Feeds: Established visual feed link with W-44 Eye. 21040_ >> Watcher Feeds: Feed link from W-44 Eye lost. 21044_ W-44 Eye sends out distress signal. 21045_ System corrupted: Matter fused (-10). 21047_ >> Watcher Feeds: Feed link from W-44 Eye lost. 21049_ Dropped Com. Wheel. 21050_ Acquired Centrium Wheel. 21059_ Slug penetrates Wall. 21062_ >> Watcher Feeds: Established visual feed link with W-44 Eye. 21065_ Penetrated by Slug. 21065_ Slug penetrates Door. 21069_ Penetrated by Slug. 21069_ Relay Coupler [NC] destroyed. 21069_ >> Watcher Feeds: All visual feed links lost. 21072_ System Shield destroyed. 21072_ Penetrated by Slug. Map ----- +----------------------------------------------------+ | ??????? #???# #???# """""" #??# | | ???????? #???# #???# """""" #??# | | ????????? #???# #???# """""" #### | | ????????? #???# #???# """""" + | | ?????????? #???# #???# #### | | ??????????# #???# #???# #??# ## | | ??????????# #???# #???###########??# #? | | ??????????# #???? ??????#####??????# #? | | ????????### ##??? ??????? ]????# #? | | ????????? ???? ???????? ??#+## | | ??????????? #????#?????????" " " " # | | ????????????? #??????????????" " " " + "" | | ????????#######/## #??????????????" " " " # "" | | ????????# ! # #??????????????? " " ??# "" | | ????????# """ # #??????????????? " ????# | | ????????# "T" + +??????????????? ??????# | | ????????# " " # #??????????????????????# = | | ????????# # k #??????????????????????###+ | | ????????# """ # #????????????????????????# | | ????????# """ # #????????????????????????# | | ????????# """ !# ##################+####### | | ????????# # g pp h h | | ????????##?####### #####/ | | ?????????????????# #?# | | ?????????????????#A #?# | | ?????????????????# @ ^ p #?# "" | | ?????????????????# #################"###### "" | | ?????????????????# T????????????# ## "" | | ?????????????????# ????????????# """""" | | ?????????????????# ##########??## """"## | | ?????????????????# # ? # """"##!! | | ???????????????### # """ """ # """"##!! | | ???????????????#"" # """ """ # """"## | | ???????????????#T # """ """ # """"## | | ?????????????????# # # ! ""???# | | ?????????????##### # """ """ # ????#### | | ????# + / """ """ ######???????? | | ????# # # """ """ #????????????? | | ?????????????????# # #????????????? | | ?????????????????# # #????????????? | | ?????????????????# # #????????????? | | ?????????????????# # #????????????? | | ?????????????????# #######+######????????????? | | ?????????????????# #?????? #?????????????????? | | ?????????????????# #???????#?????????????????? | | ?????????????????# #?????????????????????????? | | ?????????????????# ??????????????????????????? | | ?????????????????# ??????????????????????????? | | ?????????????????# ??????????????????????????? | | ?????????????????# ??????????????????????????? | +----------------------------------------------------+ Best States ------------- Heat Dissipation 88 Coolant Potential 80 Energy Generation 37 Energy Capacity 540 Matter Stores 300 Matter Capacity 300 Sight Range 16 Robot Scan Range 20 Terrain Scan Range 20 Terrain Scan Density 85 Jamming Range 16 Armor Coverage 375 Resistance: KI 30 Resistance: TH 10 Utility Shielding 66 Weapon Shielding 66 Evasion (%) 50 Targeting Accuracy 8 Target Analysis 6 Core Analysis 6 Recoil Reduction 4 Offensive Hacking 11 Defensive Hacking 14 Relay Coupler Types 5 Relay Coupler Value 95 Authchip Count 1 Item Schematics ----------------- Hcp. Storage Unit | -9/Materials | Hacked Arm. Wheel | -9/Materials | Hacked Lgt. Angular Momentum Engine | -9/Materials | Scanalyzed Arm. Treads | -8/Materials | Hacked Exp. Sensor Array | -8/Materials | Scanalyzed Combat Drone Bay | -7/Data Miner | Free Lgt. Regenerative Plating | -7/Data Miner | Free Biomechanical Wings | -7/Data Miner | Free Exp. Targeting Computer | -7/Data Miner | Free Imp. Lightning Gun | -7/Data Miner | Free Nuclear Pulse Array | -7/Data Miner | Free Imp. Coolant Injector | -7/Data Miner | Free Lrn. Proton Cannon | -7/Data Miner | Free Plasma Rifle | -7/Data Miner | Free Imp. Corruption Screen | -7/Data Miner | Free Imp. Gyrokinetic Inverter | -7/Data Miner | Free Centrium Wheel | -7/Data Miner | Free Arm. Huge Wheel | -6/Factory | Scanalyzed Adv. Transmission Jammer | -6/Factory | Hacked Imp. Utility Shielding | -6/Factory | Scanalyzed Med. Reactive Plating | -6/Factory | Scanalyzed Imp. Medium Treads | -6/Factory | Scanalyzed Adv. System Shield | -4/Factory | Scanalyzed Robot Schematics ------------------ R-10 Processor | -7/Data Miner | Free X-62 Marksman | -7/Data Miner | Free O-24 Administrator | -7/Data Miner | Free S-27 Virus | -7/Data Miner | Free Y-64 Sentinel | -7/Data Miner | Free C-35 Carver | -7/Data Miner | Free Fabricated ------------ Lgt. Angular Momentum Engine | x2 | -7/Factory Adv. Transmission Jammer | x1 | -6/Factory Alien Tech Used ----------------- None Achievements -------------- Total Silence Challenges ------------ None Game ------ Seed HypercooledElectronEdition Manual? 0 Play Time 04:39:06 Cumulative 66.9 hours Start 2022.05.18 @ 03:54:42 End 2022.05.19 @ 02:39:48 Sessions 3 Manual Loads 0 Difficulty Rogue Special Mode None Game No. 34 Rogue 34 Adventurer 0 Explorer 0 Win Type - Total 1 Types 1/0/0/0/0/0/0/0/0 Lore% 45 Gallery% 56 Achievement% 44 Wizard Run 0 Options --------- ASCII 0 Keyboard 0 Movement Mouse Keybinds 0 Fullscreen 1 Font 18/SmallcapsGlow Map View 76x50 Tactical HUD 1 Map Filters NONE Filters NONE Steam 1 RUN: f522756d-add1-4951-9b99-0cf378446b34